Map: Ulrena

Players

FerouCyril

  • Race: Terran Terran
  • League: Master

Glorfindel - Winner!

  • Race: Terran Terran
  • League: Master

VOD

Have the link to the VOD?

Description

Time

  • Played on: May 25, 2016, 12:21 a.m.
  • Length: 4:29
Show
View Real Time Build Order
Export as new Build Order

FerouCyril Terran 

Build Orders: 1/1/1 

Get SALT Encoding   

  12  0:00  SCV  
  13  0:13  SCV  
  14  0:17  Supply Depot  
  14  0:25  SCV  
  15  0:28  Refinery  
  15  0:39  SCV  
  16  0:46  Barracks  
  16  0:51  SCV  
  17  1:03  SCV  
  18  1:07  Refinery  
  18  1:14  Supply Depot  
  18  1:16  SCV  
  19  1:39  Factory  
  19  1:40  Orbital Command  
  19  1:44  Marine  
  20  2:02  Marine  
  20  2:06  SCV  
  22  2:18  SCV  
  22  2:19  Marine  
  24  2:24  Factory Tech Lab, Starport  
  24  2:30  SCV  
  24  2:31  Supply Depot  
  25  2:37  Marine  
  25  2:42  Siege Tank  
  29  2:44  SCV  
  30  2:55  Marine  
  30  2:56  SCV  
  32  3:01  Medivac  
  32  3:03  Supply Depot  
  34  3:13  Marine  
  34  3:17  Siege Tank  
  38  3:34  Marine  
  38  3:36  Barracks  
  38  3:38  Viking  
  41  3:45  Supply Depot  
Show
View Real Time Build Order
Export as new Build Order

Glorfindel Terran - Winner!

Build Orders: 1/1/1 

Get SALT Encoding   

  12  0:00  SCV  
  13  0:13  SCV  
  14  0:17  Supply Depot  
  14  0:25  Refinery  
  14  0:28  SCV  
  15  0:40  SCV  
  16  0:46  Barracks  
  16  0:52  SCV  
  17  0:58  Refinery  
  17  1:04  SCV  
  18  1:18  SCV  
  19  1:34  Orbital Command  
  19  1:36  Barracks Reactor  
  19  1:38  Factory  
  19  1:47  Supply Depot  
  19  1:59  SCV  
  20  2:12  Marine x2  
  20  2:13  SCV  
  23  2:23  Starport  
  23  2:25  SCV  
  23  2:27  Supply Depot  
  24  2:30  Marine x2  
  24  2:33  Factory Tech Lab  
  26  2:38  SCV  
  27  2:50  Marine x2  
  29  2:52  Siege Tank  
  32  3:00  Supply Depot  
  32  3:01  Medivac  
  34  3:08  Marine x2  
  36  3:16  Engineering Bay  
  36  3:24  Siege Tank  
  39  3:28  Marine x2  
  41  3:39  Medivac  
  43  3:46  Missile Turret  
  43  4:03  Marine x2  
Tags
 
Matchup
TvT
Opening
1/1/11/1/1
Race
Terran
Add a new tag
Caveats
  • Supply blocks, unpowered buildings, or Contaminate may cause inaccurate times.
  • Supply counts are checked every 10 seconds.